 Dungeon Crawl Stone Soup version 0.31-a0-626-g8143ab4 (webtiles) character file.

Game seed: 5608845426219952485

89930 MinotaursOnly the Protected (level 15, -5/128 HPs)
             Began as a Minotaur Fire Elementalist on Aug 24, 2023.
             Was a Follower of Uskayaw.
             Slain by a frost giant zombie (13 damage)
             ... on level 15 of the Dungeon.
             The game lasted 00:25:58 (19983 turns).

MinotaursOnly the Protected (MiFE)                 Turns: 19983, Time: 00:25:59

Health: -5/128     AC: 27    Str: 26    XL:     15   Next: 50%
Magic:  22/22      EV:  9    Int: 15    God:    Uskayaw [*.....]
Gold:   353        SH:  9    Dex: 12    Spells: 16/17 levels left

rFire   + + .        K - +5 war axe "Jyloag" {heavy, rN+++ Str-3 Int+3 Stlth+}
rCold   + . .        M - +0 buckler
rNeg    + + +        F - +6 plate armour "Ynior" {rPois Will- Regen+ Str+4}
rPois   +            m - +0 hat
rElec   .            y - +0 cloak of the Okapi {rF++ Will++ Dex-2}
rCorr   .            p - +1 pair of gloves {Dex+3}
SInv    .            f - +0 pair of boots
Will    ++...        o - amulet of reflection
Stlth   +            J - ring of Gedygh {rC+ Str+5}
HPRegen 1.21/turn    h - +4 ring of protection
MPRegen 0.18/turn

%: random rage (3%), reflection
@: flayed
A: horns 2, retaliatory headbutt, claws 1, berserk 1, deformed body
a: Renounce Religion, Stomp


You were on level 15 of the Dungeon.
You worshipped Uskayaw.
Uskayaw was aware of your devotion.
You visited 3 branches of the dungeon, and saw 21 of its levels.

You collected 1277 gold pieces.
You spent 924 gold pieces at shops.

Inventory:

Hand Weapons
 w - the +6 whip of Forgiveness {freeze, *Noise rCorr Str+7}
   (You found it on level 8 of the Dungeon)

   Str+7:     It affects your strength (+7).
   *Noise:    It may make a loud noise when swung.
   rCorr:     It protects you from acid and corrosion.
 K - the +5 war axe "Jyloag" (weapon) {heavy, rN+++ Str-3 Int+3 Stlth+}
   (You found it on level 15 of the Dungeon)

   Str-3:     It affects your strength (-3).
   Int+3:     It affects your intelligence (+3).
   rN+++:     It renders you almost immune to negative energy.
   Stlth+:    It makes you more stealthy.
Armour
 f - a +0 pair of boots (worn)
 m - a +0 hat (worn)
 p - a +1 pair of gloves of dexterity (worn)
 r - the +0 ring mail of the Inquisitive Stars {Fly rF- Will++ rCorr}
   (You found it on level 6 of the Dungeon)

   rF-:       It makes you vulnerable to fire.
   Will++:    It greatly increases your willpower.
   Fly:       It grants you flight.
   rCorr:     It protects you from acid and corrosion.
 y - the +0 cloak of the Okapi (worn) {rF++ Will++ Dex-2}
   (You acquired it on level 2 of the Lair of Beasts)

   Dex-2:     It affects your dexterity (-2).
   rF++:      It greatly protects you from fire.
   Will++:    It greatly increases your willpower.
 F - the +6 plate armour "Ynior" (worn) {rPois Will- Regen+ Str+4}
   (You found it on level 9 of the Dungeon)

   Str+4:     It affects your strength (+4).
   rPois:     It protects you from poison Will-: It decreases your willpower.
   Regen+:    It increases your rate of health regeneration.
 M - a +0 buckler (worn)
Jewellery
 a - a ring of resist corrosion
 d - an amulet of guardian spirit
 h - a +4 ring of protection (right hand)
 o - an amulet of reflection (around neck)
 u - a ring of wizardry
 x - a ring of wizardry
 C - a ring of ice
 J - the ring of Gedygh (left hand) {rC+ Str+5}
   (You found it on level 1 of the Lair of Beasts)

   [ring of protection from cold]

   Str+5:     It affects your strength (+5).
   rC+:       It protects you from cold.
Wands
 g - a wand of polymorph (4)
 j - a wand of flame (15)
 l - a wand of mindburst (10)
 v - a wand of digging (13)
 z - a wand of quicksilver (6)
 H - a wand of iceblast (2)
Scrolls
 e - 4 scrolls of immolation
 i - 19 scrolls of identify
 n - a scroll of blinking
 q - 4 scrolls of revelation
 s - 11 scrolls of teleportation
 A - 2 scrolls of fog
 D - a scroll of silence
 L - 2 scrolls of poison
 N - 3 scrolls of fear
Potions
 b - 2 potions of magic
 c - 2 potions of brilliance
 k - a potion of enlightenment
 t - a potion of haste
 B - 8 potions of curing
 E - a potion of lignification
 G - a potion of invisibility
 I - 6 potions of heal wounds
 O - a potion of might


   Skills:
 + Level 10.6 Fighting
 + Level 6.5 Short Blades
 + Level 3.5(9.1) Axes
 + Level 13.0(13.2) Maces & Flails
 + Level 14.1 Armour
 + Level 5.9 Dodging
 + Level 11.0 Stealth
 + Level 2.7 Shields
 - Level 1.5 Spellcasting
 + Level 0.6 Conjurations
 - Level 2.6 Fire Magic
 * Level 11.6 Invocations
 * Level 10.1 Evocations


You had 16 spell levels left.
You knew the following spells:

 Your Spells              Type           Power      Damage    Failure   Level
a - Foxfire               Conj/Fire      20%        2x1d5     71%         1

Your spell library contained the following spells:

 Spells                   Type           Power      Damage    Failure   Level
 Scorch                   Fire           18%        2d5       71%         2
 Apportation              Tloc           2%         N/A       90%         1
 Sting                    Tmut/Pois      4%         1d3       90%         1
 Momentum Strike          Conj/Tloc      4%         3d8       95%         2
 Blink                    Tloc           2%         N/A       97%         2
 Cigotuvi's Dreadful Rot  Necr/Pois/Air  2%         N/A       97%         2
 Lesser Beckoning         Tloc           2%         N/A       97%         2
 Poisonous Vapours        Pois/Air       2%         N/A       97%         2
 Inner Flame              Hex/Fire       5%         N/A       98%         3
 Volatile Blastmotes      Fire/Tloc      10%        2d10      98%         3
 Call Canine Familiar     Summ           1%         N/A       99%         3
 Dazzling Flash           Conj/Hex       4%         N/A       99%         3
 Hailstorm                Conj/Ice       2%         3d3       99%         3
 Mephitic Cloud           Conj/Pois/Air  1%         N/A       99%         3
 Portal Projectile        Hex/Tloc       2%         N/A       99%         3
 Dispel Undead            Necr           1%         3d6       100%        4
 Flame Wave               Conj/Fire      5%         2d5       100%        4
 Leda's Liquefaction      Hex/Erth       0%         N/A       100%        4
 Olgreb's Toxic Radiance  Pois           1%         N/A       100%        4
 Summon Ice Beast         Ice/Summ       1%         N/A       100%        4
 Agony                    Necr           1%         N/A       100%        5
 Alistair's Intoxication  Tmut/Pois      0%         N/A       100%        5
 Freezing Cloud           Conj/Ice/Air   0%         6-21      100%        5
 Silence                  Hex/Air        0%         N/A       100%        5
 Death Channel            Necr           0%         N/A       100%        6
 Simulacrum               Ice/Necr       0%         N/A       100%        6
 Summon Cactus Giant      Summ           0%         N/A       100%        6


Dungeon Overview and Level Annotations

Branches:
Dungeon (15/15)            Temple (1/1) D:6            Lair (5/5) D:8
  Swamp (0/4) Lair:2       Spider (0/4) Lair:3        Slime (0/5) Lair:5
    Orc (0/2) D:10         Vaults (0/5) D:13         Depths (0/4) D:15

Altars:
Ashenzari
Cheibriados
Dithmenos
Elyvilon
Fedhas
Gozag
Hepliaklqana
Kikubaaqudgha
Makhleb
Nemelex Xobeh
Okawaru
Qazlal
Ru
Sif Muna
Trog
Uskayaw
Vehumet
Wu Jian
Xom
Yredelemnul
Zin
The Shining One
Lugonu

Shops:
D:8 :   D:12 *   D:13 *   D:15 ![?

Portals:
Abyss: Lair:5

Annotations:
D:9 2 transporters, NoWhammies's ghost, journeyman GnNe
D:12 2 transporters, Radamante's ghost, journeyman TrFi
Lair:5 exclusion: 4 oklob plants


Innate Abilities, Weirdness & Mutations

You have a pair of horns on your head.
You reflexively headbutt those who attack you in melee.
You have sharp fingernails.
You sometimes lose your temper in combat.
Armour fits poorly on your strangely shaped body.


Message History

The caustic shrike skeleton claws you but does no damage.
You slash the frost giant zombie!
The frost giant zombie is heavily damaged.
You slash the caustic shrike skeleton!
You block the caustic shrike skeleton's attack. x2
The frost giant zombie hits you.
A fire giant zombie comes into view.
You hit the frost giant zombie but do no damage.
The frost giant zombie is heavily damaged.
You hit the caustic shrike skeleton.
The caustic shrike skeleton claws you but does no damage.
The caustic shrike skeleton barely misses you.
You furiously retaliate!
You headbutt the caustic shrike skeleton!
You block the frost giant zombie's attack.
The caustic shrike skeleton claws you but does no damage.
A skeletal warrior comes into view. It is wielding a +0 long sword.
The frost giant zombie hits you but does no damage.
You block the caustic shrike skeleton's attack.
The flayed ghost closely misses you.
The caustic shrike skeleton claws you but does no damage.
The frost giant zombie attacks as it pursues you!
The frost giant zombie hits you.
You closely miss the flayed ghost. You slash the frost giant zombie!
You closely miss the caustic shrike skeleton.
The caustic shrike skeleton closely misses you.
The caustic shrike skeleton claws you! You block the flayed ghost's attack.
The caustic shrike skeleton claws you!!
* * * LOW HITPOINT WARNING * * *
The flayed ghost completely misses you. The frost giant zombie hits you.
* * * LOW HITPOINT WARNING * * *
You miss the flayed ghost.
You hit the frost giant zombie but do no damage.
You slash the caustic shrike skeleton!
The caustic shrike skeleton claws you but does no damage.
The caustic shrike skeleton claws you!
* * * LOW HITPOINT WARNING * * *
The flayed ghost barely misses you. You furiously retaliate!
You headbutt the flayed ghost. The frost giant zombie hits you!
You die...

... ... .............##
.#. ....88.>.8.....# #
#.8.....88......
...8...P.P......
#...............
#...Z8.zP.P8.....#
#.P.8.8W....# ..#
#....Z@...# ...# #
#####.Z#### ...# ###.
##..## ...# ..##.#####
#....###...#
#.##..........##......#
###.##....#####. ###....#
.......##..####..###....#
^.....#.......#.........#
.....##.......#.####....#


You could see a skeletal warrior, a flayed ghost, a fire giant zombie, a frost
giant zombie and a caustic shrike skeleton.

Vanquished Creatures
  Jorgrun (D:15)
  Azrael (D:13)
  Snorg (D:10)
  Josephine (D:13)
  A fire dragon (shapeshifter) (Lair:5)
  2 hydras
  Erica (D:8)
  3 boulder beetles
  A death knight (D:14)
  4 centaur warriors
  6 two-headed ogres
  3 thrashing horrors (Lair:5)
  11 death yaks
  A tengu warrior (D:13)
  Amaemon (Lair:3)
  Sonja (D:13)
  2 skysharks
  A glowing orange brain (shapeshifter) (Lair:5)
  A lindwurm (Lair:5)
  Pikel (D:8)
  2 orc knights
  A salamander (shapeshifter) (Lair:5)
  2 orc sorcerers
  12 ugly things
  7 cyclopes
  Maurice (D:8)
  12 elephants
  A black mamba (shapeshifter) (D:14)
  3 manticores
  5 black mambas
  Jeremiah (D:8)
  3 gargoyles
  17 cane toads
  An orange demon (Lair:3)
  A torpor snail (Lair:5)
  An unseen horror (D:13)
  2 rime drakes
  15 komodo dragons
  4 freezing wraiths
  A tengu conjurer (D:13)
  2 polar bears
  3 tyrant leeches (Lair:2)
  3 trolls
  A hornet (Lair:1)
  A large abomination (Lair:5)
  Prince Ribbit (D:9)
  A raiju (Lair:5)
  31 blink frogs
  2 dream sheep (Lair:5)
  12 slime creatures
  A spriggan (Lair:5)
  2 ynoxinuls (Lair:5)
  A shadow (D:12)
  5 wraiths
  52 yaks
  A water elemental (D:14)
  4 wyverns
  13 small abominations (Lair:5)
  A steam dragon (D:8)
  A human (shapeshifter) (D:14)
  4 fire elementals (D:13)
  16 humans (D:13)
  9 basilisks
  2 chaos spawn (Lair:5)
  A harpy simulacrum (D:14)
  4 swamp worms (Lair:2)
  4 acid dragons
  11 water moccasins
  2 hell hounds (D:13)
  5 orc warriors
  3 ice beasts (D:8)
  2 sky beasts
  A black bear (D:6)
  7 centaurs
  13 wolves
  8 boggarts (D:14)
  A phantom (D:6)
  14 bullfrogs
  2 scorpions
  3 wights (D:10)
  An electric eel (Lair:5)
  9 howler monkeys
  3 hounds
  7 jellies
  2 gnoll boudas (D:9)
  10 orc priests
  Jessica (D:2)
  An iguana (D:7)
  Ijyb (D:5)
  2 sleepcaps
  13 orc wizards
  12 gnolls
  8 adders
  7 river rats (D:6)
  2 shadow imps
  2 white imps (D:6)
  4 worms
  5 dart slugs
  41 orcs
  6 bats
  16 endoplasms
  4 giant cockroaches
  6 goblins
  5 hobgoblins
  2 jackals (D:1)
  5 kobolds
  12 quokkas
  7 ball pythons
  A frilled lizard (D:1)
  14 rats
595 creatures vanquished.

Vanquished Creatures (others)
  A cyclops (D:14)
1 creature vanquished.

Grand Total: 596 creatures vanquished

Notes
Turn   | Place    | Note
-------+----------+-------------------------------------------
     0 | D:1      | MinotaursOnly the Minotaur Fire Elementalist began the
                  | quest for the Orb.
     0 | D:1      | Reached XP level 1. HP: 14/14 MP: 1/1
   212 | D:1      | Reached XP level 2. HP: 10/20 MP: 3/3
  1202 | D:2      | Reached XP level 3. HP: 27/27 MP: 4/4
  1450 | D:2      | Noticed Jessica
  1457 | D:2      | Killed Jessica
  1458 | D:2      | Reached skill level 1 in Fighting
  1458 | D:2      | Reached XP level 4. HP: 34/35 MP: 5/5
  1526 | D:2      | Reached skill level 1 in Axes
  2353 | D:3      | Reached skill level 1 in Evocations
  2632 | D:4      | Identified the +8 short sword "Puzeyh" {heavy, rN+ Str+5
                  | Int+5}
  2674 | D:4      | Reached skill level 1 in Armour
  2674 | D:4      | Reached XP level 5. HP: 40/40 MP: 6/6
  2695 | D:4      | HP: 2/40 [something (4)]
  2895 | D:4      | Reached XP level 6. HP: 44/50 MP: 7/7
  3485 | D:5      | Entered Level 5 of the Dungeon
  3670 | D:5      | Noticed Ijyb
  3672 | D:5      | Killed Ijyb
  3673 | D:5      | Reached skill level 2 in Armour
  4009 | D:5      | Reached skill level 1 in Short Blades
  4009 | D:5      | Reached skill level 3 in Armour
  4080 | D:5      | Noticed a water moccasin
  4086 | D:5      | Killed a water moccasin
  4087 | D:5      | Reached XP level 7. HP: 45/57 MP: 5/8
  4881 | D:6      | Identified the +0 ring mail of the Inquisitive Stars {Fly
                  | rF- Will++ rCorr}
  4899 | D:6      | Reached skill level 4 in Armour
  4917 | D:6      | Found a staircase to the Ecumenical Temple.
  4931 | Temple   | Entered the Ecumenical Temple
  4997 | Temple   | Became a worshipper of Uskayaw the Reveller
  5075 | D:6      | Reached * piety under Uskayaw
  5183 | D:6      | Reached ** piety under Uskayaw
  5185 | D:6      | Reached *** piety under Uskayaw
  5188 | D:6      | Reached **** piety under Uskayaw
  5190 | D:6      | Reached ***** piety under Uskayaw
  5193 | D:6      | Reached skill level 1 in Invocations
  5193 | D:6      | Reached XP level 8. HP: 49/64 MP: 5/9
  5670 | D:6      | Reached skill level 5 in Armour
  6364 | D:7      | Noticed an orc sorcerer
  6369 | D:7      | Noticed an ice devil
  6371 | D:7      | Noticed a sixfirhy
  6473 | D:7      | Killed an orc sorcerer
  6474 | D:7      | Reached skill level 5 in Short Blades
  6474 | D:7      | Reached skill level 6 in Armour
  6474 | D:7      | Reached XP level 9. HP: 72/72 MP: 10/10
  7124 | D:8      | Noticed a two-headed ogre
  7133 | D:8      | Killed a two-headed ogre
  7134 | D:8      | Reached skill level 7 in Armour
  7166 | D:8      | Identified the +6 whip of Forgiveness {freeze, *Noise rCorr
                  | Str+7}
  7183 | D:8      | Reached skill level 5 in Fighting
  7308 | D:8      | Noticed Maurice
  7322 | D:8      | Killed Maurice
  7323 | D:8      | Reached skill level 8 in Armour
  7365 | D:8      | Found a radiant altar of Vehumet.
  7390 | D:8      | Noticed Pikel
  7404 | D:8      | Killed Pikel
  7405 | D:8      | Reached skill level 1 in Maces & Flails
  7405 | D:8      | Reached skill level 5 in Evocations
  7405 | D:8      | Reached XP level 10. HP: 51/81 MP: 9/12
  7539 | D:8      | Found a staircase to the Lair.
  7554 | D:8      | Reached skill level 5 in Invocations
  7595 | D:8      | Noticed Jeremiah
  7897 | D:8      | Killed Jeremiah
  7898 | D:8      | Reached skill level 5 in Dodging
  8084 | D:8      | Found Zocwiqiu's Book Shoppe.
  8116 | D:8      | Noticed Erica
  8124 | D:8      | Killed Erica
  8125 | D:8      | Reached skill level 9 in Armour
  8485 | D:9      | Noticed a two-headed ogre
  8535 | D:9      | Killed a two-headed ogre
  8611 | D:9      | Noticed NoWhammies's ghost (journeyman GnNe)
  8612 | D:9      | Found a transporter.
  8614 | D:9      | Noticed a manticore
  8616 | D:9      | Noticed Prince Ribbit
  8620 | D:9      | Killed Prince Ribbit
  8621 | D:9      | Reached XP level 11. HP: 89/89 MP: 14/14
  8728 | D:9      | Found a transporter.
  8859 | D:9      | Found a glowing silver altar of Zin.
  8954 | D:9      | Found a bloodstained altar of Trog.
  8971 | D:9      | Identified the +6 plate armour "Ynior" {rPois Will- Regen+
                  | Str+4}
  9023 | D:10     | Entered Level 10 of the Dungeon
  9089 | D:10     | Reached skill level 5 in Maces & Flails
  9309 | D:10     | Reached skill level 5 in Stealth
  9396 | D:10     | Noticed Snorg
  9413 | D:10     | Killed Snorg
  9533 | D:10     | Found a staircase to the Orcish Mines.
  9650 | D:10     | Found a basalt altar of Yredelemnul.
 10085 | Lair:1   | Entered Level 1 of the Lair of Beasts
 10122 | Lair:1   | Reached skill level 10 in Armour
 10142 | Lair:1   | Reached ****** piety under Uskayaw
 10240 | Lair:1   | You are sucked into a shaft and drop 1 floor!
 10398 | Lair:1   | Reached XP level 12. HP: 93/100 MP: 14/16
 10627 | Lair:1   | Identified the ring of Gedygh {rC+ Str+5}
 11570 | Lair:2   | Identified a scroll of acquirement
 11570 | Lair:2   | Acquired the +0 cloak of the Okapi {rF++ Will++ Dex-2}
 11645 | Lair:2   | Found a staircase to the Swamp.
 11830 | Lair:3   | Reached skill level 11 in Armour
 11917 | Lair:3   | Reached skill level 10 in Maces & Flails
 11930 | Lair:3   | Reached XP level 13. HP: 83/107 MP: 14/18
 11942 | Lair:3   | Noticed Amaemon
 11964 | Lair:3   | Killed Amaemon
 12103 | Lair:3   | Found a hole to the Spider Nest.
 12580 | Lair:3   | Gained mutation: Your skin changes colour to match your
                  | surroundings (Stealth+). [potion of mutation]
 12580 | Lair:3   | Gained mutation: You have a somewhat thin skeletal
                  | structure. (Dex +2, Stealth+) [potion of mutation]
 12580 | Lair:3   | Gained mutation: You have hidden genetic defects. [potion
                  | of mutation]
 12581 | Lair:3   | Lost mutation: Your skin changes colour to match your
                  | surroundings (Stealth+). [potion of mutation]
 12581 | Lair:3   | Lost mutation: You have a somewhat thin skeletal structure.
                  | (Dex +2, Stealth+) [potion of mutation]
 12581 | Lair:3   | Gained mutation: You have sharp fingernails. [potion of
                  | mutation]
 13678 | Lair:5   | Entered Level 5 of the Lair of Beasts
 13706 | Lair:4   | Gained mutation: You sometimes lose your temper in combat.
                  | [hidden defects]
 13952 | Lair:5   | Reached skill level 12 in Armour
 13968 | Lair:5   | Gained mutation: Armour fits poorly on your strangely
                  | shaped body. [hidden defects]
 13968 | Lair:5   | Lost mutation: You have hidden genetic defects. [hidden
                  | defects expressed]
 14161 | Lair:5   | Reached skill level 10 in Invocations
 14183 | Lair:5   | Noticed a fire dragon
 14198 | Lair:5   | Reached XP level 14. HP: 96/118 MP: 15/20
 14251 | Lair:5   | Found a corrupted altar of Lugonu.
 14251 | Lair:5   | Found a one-way gate to the infinite horrors of the Abyss.
 14846 | Lair:5   | Found a staircase to the Slime Pits.
 15002 | Lair:5   | Found a blossoming altar of Fedhas.
 15675 | D:11     | Reached skill level 10 in Stealth
 15949 | D:11     | Reached skill level 13 in Armour
 16327 | D:12     | Found Suqoi's Island Escapes.
 16342 | D:12     | Noticed Radamante's ghost (journeyman TrFi)
 16366 | D:12     | Found a transporter.
 16721 | D:12     | Found a transporter.
 16861 | D:12     | Bought a scroll of teleportation for 51 gold pieces
 16861 | D:12     | Bought a scroll of blinking for 127 gold pieces
 16861 | D:12     | Bought a scroll of teleportation for 51 gold pieces
 16886 | D:13     | Found a gate to the Vaults.
 16912 | D:13     | Found Guovvyam's Neck Hole.
 16912 | D:13     | Noticed Azrael
 16923 | D:13     | Killed Azrael
 16924 | D:13     | Reached skill level 10 in Fighting
 16979 | D:13     | Bought an amulet of reflection for 420 gold pieces
 17741 | D:13     | Noticed Sonja
 17771 | D:13     | Killed Sonja
 17772 | D:13     | Reached skill level 1 in Shields
 18122 | D:13     | Noticed Josephine
 18129 | D:13     | Killed Josephine
 18130 | D:13     | Reached XP level 15. HP: 123/126 MP: 22/22
 18944 | D:14     | Reached skill level 14 in Armour
 19456 | D:14     | Reached skill level 10 in Evocations
 19722 | D:15     | Entered Level 15 of the Dungeon
 19740 | D:15     | Found a sacrificial altar of Ru.
 19776 | D:15     | Noticed Jorgrun
 19791 | D:15     | Killed Jorgrun
 19805 | D:15     | Found Larumn Pain's Distillery.
 19813 | D:15     | Bought a potion of heal wounds for 70 gold pieces
 19813 | D:15     | Bought a potion of curing for 42 gold pieces
 19855 | D:15     | Identified the +5 war axe "Jyloag" {heavy, rN+++ Str-3
                  | Int+3 Stlth+}
 19884 | D:15     | Found Igurr's Armour Shoppe.
 19891 | D:15     | Found Hioh Cys's Magic Scroll Shop.
 19897 | D:15     | Found Oresim's Armour Shoppe.
 19911 | D:15     | Bought a scroll of teleportation for 48 gold pieces
 19911 | D:15     | Bought a scroll of teleportation for 48 gold pieces
 19930 | D:15     | Bought a +0 buckler for 67 gold pieces
 19975 | D:15     | Found a staircase to the Depths.
 19983 | D:15     | Slain by a frost giant zombie

Illustrated notes

Levels and vault maps discovered:
D:1:      minmay_arrival_doors, layout_basic
D:2:      layout_loops_ring, uniq_jessica
D:3:      layout_loops_ring, grunt_decor_fettered, nicolae_wormholes
D:4:      layout_loops_cross, kennysheep_boxes
D:5:      layout_cave_pods, minivault_23, uniq_ijyb
D:6:      lemuel_ratsnest, layout_layer_cave, minmay_temple_entry_butterflies
D:7:      cheibrodos_wizards_tower, layout_rooms
D:8:      layout_basic, mainiacjoe_overflow_chevrons, hellmonk_lair_entry_icy,
          serial_shops, kennysheep_mini_moat, uniq_jeremiah, uniq_pikel,
          uniq_erica, uniq_maurice
D:9:      layout_roguey, gammafunk_ghost_arena, hangedman_feature_mirror,
          uniq_prince_ribbit1
D:10:     layout_layer_cave, mainiacjoe_overflow_24_doors, orc_0_dummy,
          chequers_serial_rivers_small_3, uniq_snorg
D:11:     layout_roguey
D:12:     layout_cave_pools, gammafunk_ghost_hive, nicolae_island_escapes
D:13:     layout_grid_maze, david_vaults_3, nicolae_shop_sticking_my_neck_out,
          uniq_josephine, uniq_azrael, uniq_sonja
D:14:     kennysheep_room_grid, layout_cave_pods, kennysheep_flooded_box
D:15:     gammafunk_depths_entry_grave, layout_rooms, serial_shops, shop, shop,
          shop, shop, shop, nicolae_ru_awakened_eye, uniq_jorgrun
Temple:   mainiacjoe_temple_cubbyholes
Lair:1:   lemuel_slime, layout_cave_shapes, grunt_megastairs_5
Lair:2:   layout_gridlike, minmay_swamp_entry_worms
Lair:3:   layout_gridlike, dummy_spider_entry, bh_autumn_forest_stairs,
          beast_lair_carwin_6, uniq_amaemon
Lair:4:   layout_regular_city, lemuel_fruit_tree
Lair:5:   hellmonk_lair_end_abyssal_woods, layout_misc_corridors,
          minmay_slime_entry_oklob_enclosed, nicolae_quartered_pool_super,
          tgw_fedhas

Skill      XL: |  1  2  3  4  5  6  7  8  9 10 11 12 13 14 15 |
---------------+----------------------------------------------+-----
Stealth        | 2 3 4 6 7 9 10 11 | 11.0
Dodging        | 3 4 5 |  5.9
Fighting       | 1 2 3 4 5 6 7 8 9 10 | 10.6
Axes           | 2 3 |  3.5
Evocations     | 1 2 3 5 7 8 9 10 | 10.1
Armour         | 1 3 4 6 8 9 10 11 12 13 14 | 14.1
Short Blades   | 1 3 5 6 |  6.5
Invocations    | 1 3 4 6 7 8 10 11 | 11.6
Maces & Flails | 1 4 7 10 11 12 13 | 13.0
Shields        | 1 2 |  2.7
Spellcasting   | |  1.5
Conjurations   | |  0.6
Fire Magic     | |  2.6

Action                     |  1- 3 |  4- 6 |  7- 9 | 10-12 | 13-15 || total
---------------------------+-------+-------+-------+-------+-------++-------
  Melee: Dagger            |    48 |       |       |       |       ||    48
         Headbutt          |    22 |    18 |    23 |   164 |   272 ||   499
         Unarmed           |     3 |       |       |       |       ||     3
         Hand axe          |    32 |       |       |       |       ||    32
         Punch             |     1 |     2 |     3 |    14 |    15 ||    35
         War axe           |    19 |    36 |       |       |    10 ||    65
         Short sword       |       |    60 |   188 |       |       ||   248
         Whip              |       |       |    22 |   607 |  1008 ||  1637
  Evoke: Wand              |       |     2 |    13 |     6 |     8 ||    29
    Use: Potion            |     3 |     5 |     2 |     4 |     4 ||    18
         Scroll            |     3 |     9 |     4 |     7 |       ||    23
   Stab: Sleeping          |     1 |       |       |       |       ||     1
         Paralysed         |       |       |     5 |    63 |   105 ||   173
         Invisible         |       |       |       |     1 |       ||     1
         Distracted        |       |       |       |       |     1 ||     1
 Armour: Robe              |     3 |       |       |       |       ||     3
         Scale mail        |    33 |    43 |       |       |       ||    76
         Ring mail         |     3 |       |       |       |       ||     3
         Chain mail        |       |    24 |   165 |    72 |       ||   261
         Plate armour      |       |       |       |   306 |   454 ||   760
  Dodge: Dodged            |    69 |    62 |   127 |   259 |   345 ||   862
  Block: Other             |       |       |       |       |    54 ||    54
         Reflection        |       |       |       |       |    12 ||    12
         Buckler           |       |       |       |       |     8 ||     8

Table legend: (Time is in decaauts)
 A = Elapsed time spent in this place.
 B = Non-inter-level travel time spent in this place.
 C = Inter-level travel time spent in this place.
 D = Time resting spent in this place.
 E = Time spent auto-exploring this place.
 F = Levels seen in this place.
 G = Mean time per level.
                   A        B        C        D        E       F      G
               +--------+--------+--------+--------+--------+-----+--------+
         Total |  19665 |  18528 |   1137 |   1266 |  13922 |  21 |  936.4 |
       Dungeon |  14564 |  13891 |    673 |   1195 |  10449 |  15 |  970.9 |
        Temple |    130 |      2 |    128 |      0 |      0 |   1 |  130.0 |
          Lair |   4970 |   4634 |    336 |     70 |   3472 |   5 |  994.0 |
               +--------+--------+--------+--------+--------+-----+--------+

Top non-repeatable levels by time:
     D:6: 1606 daAuts
    D:13: 1464 daAuts
  Lair:5: 1413 daAuts
    D:14: 1323 daAuts
     D:8: 1292 daAuts
     D:1: 1194 daAuts
     D:4: 1073 daAuts
  Lair:3: 1035 daAuts
    D:10: 1026 daAuts
     D:7: 969 daAuts
     D:5: 934 daAuts
  Lair:4: 863 daAuts
  Lair:2: 844 daAuts
    D:11: 841 daAuts
  Lair:1: 812 daAuts
